| TOP OF THE 1ST |
|
Birmingham Barons batting - Pitching for Jackson Generals : LHP Ben Burton
|
|
Pitching: LHP Ben Burton
|
|
|
Batting: RHB Ron Johansen
|
0-0: Foul Ball, location: 2F 0-1: Ground out 5-3 (Groundball, 56, EV 107.5 MPH)
|
|
Batting: SHB Veit Geisler
|
0-0: Ball 1-0: Called Strike 1-1: Ball 2-1: Swinging Strike 2-2: Strikes out swinging
|
|
Batting: SHB Ruben Velasco Jr.
|
0-0: Foul Ball, location: 2F 0-1: Ground out 6-3 (Groundball, 6, EV 87.5 MPH)
|
| Top of the 1st over - 0 runs, 0 hits, 0 errors, 0 left on base; Birmingham 0 - Jackson 0 |
| BOTTOM OF THE 1ST |
|
Jackson Generals batting - Pitching for Birmingham Barons : RHP Cody Walsh
|
|
Pitching: RHP Cody Walsh
|
|
|
Batting: RHB Paul Shell
|
0-0: Ground out 5-3 (Groundball, 56S, EV 64.4 MPH)
|
|
Batting: RHB Enrique Valdez
|
0-0: Ball 1-0: Ball 2-0: Called Strike 2-1: Ball 3-1: SINGLE (Flyball, 56D, EV 97.5 MPH)
|
|
Batting: LHB Chris Jackson
|
0-0: Ball 1-0: Called Strike 1-1: Ball 2-1: Foul Ball, location: 2F 2-2: Strikes out swinging Enrique Valdez steals 2nd base Batter strikes out.
|
|
Batting: LHB Jason Kinney
|
0-0: Called Strike 0-1: Called Strike 0-2: Ball 1-2: SINGLE (Groundball, P, EV 78.8 MPH) (infield hit) Enrique Valdez to third
|
|
Batting: RHB Jose Zuniga
|
0-0: Swinging Strike 0-1: Ball Jason Kinney is caught stealing 2nd base 2-4
|
| Bottom of the 1st over - 0 runs, 2 hits, 0 errors, 1 left on base; Birmingham 0 - Jackson 0 |
| TOP OF THE 2ND |
|
Birmingham Barons batting - Pitching for Jackson Generals : LHP Ben Burton
|
|
Batting: RHB Vic Lucatero
|
0-0: Fly out, F9 (Line Drive, 9, EV 95.6 MPH)
|
|
Batting: LHB Carlos Ramirez
|
0-0: Foul Ball, location: 2F 0-1: Ball 1-1: Ball 2-1: Fly out, F8 (Line Drive, 8LM, EV 91.2 MPH)
|
|
Batting: RHB Trevor Conklin
|
0-0: Ball 1-0: Ground out 4-3 (Groundball, 4, EV 103.8 MPH)
|
| Top of the 2nd over - 0 runs, 0 hits, 0 errors, 0 left on base; Birmingham 0 - Jackson 0 |
| BOTTOM OF THE 2ND |
|
Jackson Generals batting - Pitching for Birmingham Barons : RHP Cody Walsh
|
|
Batting: RHB Jose Zuniga
|
0-0: Ground out 5-3 (Groundball, 5S, EV 88.8 MPH)
|
|
Batting: RHB Ryan Criollo
|
0-0: DOUBLE (Line Drive, 78D, EV 103.1 MPH)
|
|
Batting: RHB Jeff Cox
|
0-0: Ball 1-0: Ball 2-0: Ball 3-0: Base on Balls
|
|
Batting: RHB Chris Van Niel
|
0-0: Ball 1-0: Ball Ryan Criollo steals 3rd base Pickoff Throw to First - Out! 1-3 2-0: Ball 3-0: Base on Balls
|
|
Batting: RHB Jesus Santiago
|
0-0: Foul Ball, location: 2F 0-1: Foul Ball, location: 2F 0-2: Ground out 1-3 (Groundball, 13S, EV 70.0 MPH)
|
| Bottom of the 2nd over - 0 runs, 1 hit, 0 errors, 2 left on base; Birmingham 0 - Jackson 0 |
| TOP OF THE 3RD |
|
Birmingham Barons batting - Pitching for Jackson Generals : LHP Ben Burton
|
|
Batting: LHB Matt Hyde
|
0-0: Ground out 1-3 (Groundball, 15S, EV 68.1 MPH)
|
|
Batting: RHB Danny Heikkila
|
0-0: Ball 1-0: Foul Ball, location: 2F 1-1: Ball 2-1: Swinging Strike 2-2: Foul Ball, location: 2F 2-2: Fly out, F6 (Line Drive, 6, EV 68.1 MPH)
|
|
Batting: SHB Matt Childers
|
0-0: Ball 1-0: Ball 2-0: Ball 3-0: Called Strike 3-1: Swinging Strike 3-2: Strikes out swinging
|
| Top of the 3rd over - 0 runs, 0 hits, 0 errors, 0 left on base; Birmingham 0 - Jackson 0 |
| BOTTOM OF THE 3RD |
|
Jackson Generals batting - Pitching for Birmingham Barons : RHP Cody Walsh
|
|
Batting: RHB Paul Shell
|
0-0: Called Strike 0-1: Foul Ball, location: 2F 0-2: Ball 1-2: Ball 2-2: Strikes out swinging
|
|
Batting: RHB Enrique Valdez
|
0-0: Foul Ball, location: 2F 0-1: Ball 1-1: Called Strike 1-2: Foul Ball, location: 2F 1-2: Ball 2-2: Fly out, F9 (Flyball, 89D, EV 76.9 MPH)
|
|
Batting: LHB Chris Jackson
|
0-0: Ball 1-0: SINGLE (Line Drive, 4MD, EV 103.8 MPH)
|
|
Batting: LHB Jason Kinney
|
0-0: Ball 1-0: Called Strike 1-1: SINGLE (Line Drive, 4D, EV 99.4 MPH) Chris Jackson to second
|
|
Batting: RHB Jose Zuniga
|
0-0: Ball 1-0: Fielders Choice at 2nd, 6-4 (Groundball, 6, EV 85.6 MPH)
|
| Bottom of the 3rd over - 0 runs, 2 hits, 0 errors, 2 left on base; Birmingham 0 - Jackson 0 |
| TOP OF THE 4TH |
|
Birmingham Barons batting - Pitching for Jackson Generals : LHP Ben Burton
|
|
Batting: RHB Ron Johansen
|
0-0: Ground out U3 (Groundball, 3, EV 84.4 MPH)
|
|
Batting: SHB Veit Geisler
|
0-0: DOUBLE (Line Drive, 89D, EV 107.5 MPH)
|
|
Batting: SHB Ruben Velasco Jr.
|
0-0: Ball 1-0: Ball 2-0: Ball 3-0: Base on Balls
|
|
Batting: RHB Vic Lucatero
|
0-0: Called Strike 0-1: Ball 1-1: Swinging Strike 1-2: 3-RUN HOME RUN (Flyball, 7D, EV 103.8 MPH), Distance : 398 ft
|
|
Batting: LHB Carlos Ramirez
|
0-0: Ball 1-0: Fly out, F9 (Line Drive, 9, EV 91.2 MPH)
|
|
Batting: RHB Trevor Conklin
|
0-0: Called Strike 0-1: Ball 1-1: Swinging Strike 1-2: Foul Ball, location: 2F 1-2: Hit by Pitch
|
|
Batting: LHB Matt Hyde
|
0-0: DOUBLE (Line Drive, 9LM, EV 105.0 MPH) Trevor Conklin to third Runner from 3rd tries for Home, SAFE, no throw by RF
|
|
Batting: RHB Danny Heikkila
|
0-0: SINGLE (Groundball, 4M, EV 105.0 MPH) (infield hit) Matt Hyde to third
|
|
Batting: SHB Matt Childers
|
0-0: Fly out, F8 (Flyball, 8LXD, EV 88.1 MPH)
|
| Top of the 4th over - 4 runs, 4 hits, 0 errors, 2 left on base; Birmingham 4 - Jackson 0 |
| BOTTOM OF THE 4TH |
|
Jackson Generals batting - Pitching for Birmingham Barons : RHP Cody Walsh
|
|
Batting: RHB Ryan Criollo
|
0-0: Ball 1-0: Fly out, F2 (Popup, 13S, EV 80.6 MPH)
|
|
Batting: RHB Jeff Cox
|
0-0: Ball 1-0: Foul Ball, location: 2F 1-1: Foul Ball, location: 2F 1-2: Ball 2-2: Foul Ball, location: 2F 2-2: Strikes out looking
|
|
Batting: RHB Chris Van Niel
|
0-0: Ball 1-0: Ball 2-0: SINGLE (Groundball, 6D, EV 105.0 MPH)
|
|
Batting: RHB Jesus Santiago
|
0-0: Foul Ball, location: 2F 0-1: Called Strike Chris Van Niel steals 2nd base 0-2: Ground out U3 (Groundball, 3, EV 85.6 MPH)
|
| Bottom of the 4th over - 0 runs, 1 hit, 0 errors, 1 left on base; Birmingham 4 - Jackson 0 |
| TOP OF THE 5TH |
|
Birmingham Barons batting - Pitching for Jackson Generals : LHP Ben Burton
|
|
Batting: RHB Ron Johansen
|
0-0: Ball 1-0: Ground out 6-3 (Groundball, 56, EV 106.9 MPH)
|
|
Batting: SHB Veit Geisler
|
0-0: Foul Ball, location: 2F 0-1: Fly out, F8 (Flyball, 78M, EV 83.1 MPH)
|
|
Batting: SHB Ruben Velasco Jr.
|
0-0: Ball 1-0: Ball 2-0: DOUBLE (Line Drive, 7LS, EV 100.6 MPH)
|
|
Batting: RHB Vic Lucatero
|
0-0: Called Strike 0-1: Swinging Strike 0-2: Ground out 4-3 (Groundball, 4, EV 82.5 MPH)
|
| Top of the 5th over - 0 runs, 1 hit, 0 errors, 1 left on base; Birmingham 4 - Jackson 0 |
| BOTTOM OF THE 5TH |
|
Jackson Generals batting - Pitching for Birmingham Barons : RHP Cody Walsh
|
|
Batting: RHB Paul Shell
|
0-0: Ball 1-0: Fly out, F9 (Flyball, 9, EV 92.5 MPH)
|
|
Batting: RHB Enrique Valdez
|
0-0: Ball 1-0: Foul Ball, location: 2F 1-1: Ball 2-1: Ball 3-1: Base on Balls
|
|
Batting: LHB Chris Jackson
|
0-0: Ball 1-0: Called Strike 1-1: Fielders Choice at 2nd, 4-6 (Groundball, 34D, EV 106.9 MPH)
|
|
Batting: LHB Jason Kinney
|
0-0: Called Strike 0-1: SINGLE (Groundball, 4S, EV 61.9 MPH) (infield hit) Chris Jackson to second
|
|
Batting: RHB Jose Zuniga
|
0-0: Called Strike 0-1: Fly out, F4 (Popup, 4M, EV 60.0 MPH)
|
| Bottom of the 5th over - 0 runs, 1 hit, 0 errors, 2 left on base; Birmingham 4 - Jackson 0 |
| TOP OF THE 6TH |
|
Birmingham Barons batting - Pitching for Jackson Generals : LHP Ben Burton
|
|
Batting: LHB Carlos Ramirez
|
0-0: Fly out, F8 (Flyball, 8LM, EV 84.4 MPH)
|
|
Batting: RHB Trevor Conklin
|
0-0: Swinging Strike 0-1: Ball 1-1: Ground out 4-3 (Groundball, 4S, EV 86.2 MPH)
|
|
Batting: LHB Matt Hyde
|
0-0: Ball 1-0: Ball 2-0: Called Strike 2-1: Ball 3-1: Swinging Strike 3-2: Base on Balls
|
|
Batting: RHB Danny Heikkila
|
0-0: Fielders Choice at 2nd, 6-4 (Groundball, 6, EV 87.5 MPH)
|
| Top of the 6th over - 0 runs, 0 hits, 0 errors, 1 left on base; Birmingham 4 - Jackson 0 |
| BOTTOM OF THE 6TH |
|
Jackson Generals batting - Pitching for Birmingham Barons : RHP Cody Walsh
|
|
Batting: RHB Ryan Criollo
|
0-0: TRIPLE (Line Drive, 78XD, EV 105.0 MPH)
|
|
Batting: RHB Jeff Cox
|
0-0: Ball 1-0: Called Strike 1-1: Swinging Strike 1-2: Strikes out swinging
|
|
Batting: RHB Chris Van Niel
|
0-0: Ground out 3-1 (Groundball, 34, EV 82.5 MPH) Ryan Criollo scores
|
|
Batting: RHB Jesus Santiago
|
0-0: Fly out, F7 (Flyball, 7, EV 98.1 MPH)
|
| Bottom of the 6th over - 1 run, 1 hit, 0 errors, 0 left on base; Birmingham 4 - Jackson 1 |
| TOP OF THE 7TH |
|
Birmingham Barons batting - Pitching for Jackson Generals : LHP Ben Burton
|
|
Batting: SHB Matt Childers
|
0-0: Ball 1-0: Swinging Strike 1-1: Ball 2-1: Foul Ball, location: 2F 2-2: Foul Ball, location: 2F 2-2: Ball 3-2: Strikes out swinging, 2-3 out at first.
|
|
Batting: RHB Ron Johansen
|
0-0: Ball 1-0: Foul Ball, location: 2F 1-1: Foul Ball, location: 2F 1-2: Hit by Pitch
|
|
Batting: SHB Veit Geisler
|
0-0: SINGLE (Line Drive, 4MD, EV 95.6 MPH) Ron Johansen to second Runner from 2nd tries for 3rd, SAFE, throw by CF made to third
|
|
Batting: SHB Ruben Velasco Jr.
|
0-0: Ball 1-0: Called Strike Veit Geisler is caught stealing 2nd base 2-4 1-1: Ball 2-1: Ball 3-1: Base on Balls
|
|
Batting: RHB Vic Lucatero
|
0-0: Called Strike Ruben Velasco Jr. is caught stealing 2nd base 2-4
|
| Top of the 7th over - 0 runs, 1 hit, 0 errors, 1 left on base; Birmingham 4 - Jackson 1 |
| BOTTOM OF THE 7TH |
|
Jackson Generals batting - Pitching for Birmingham Barons : RHP Cody Walsh
|
|
Batting: RHB Paul Shell
|
0-0: Called Strike 0-1: Called Strike 0-2: Strikes out looking
|
|
Batting: RHB Enrique Valdez
|
0-0: Swinging Strike 0-1: Ground out 4-3 (Groundball, 4S, EV 77.5 MPH)
|
|
Batting: LHB Chris Jackson
|
0-0: Ball 1-0: Ball 2-0: Called Strike 2-1: Ball 3-1: DOUBLE (Flyball, 8LXD, EV 100.0 MPH)
|
|
Pitching: LHP Matt Schwartz
|
|
|
Batting: LHB Jason Kinney
|
0-0: Swinging Strike 0-1: Foul Ball, location: 2F 0-2: Ball 1-2: Ball 2-2: Foul Ball, location: 2F 2-2: Ball 3-2: Ground out U3 (Groundball, 3, EV 84.4 MPH)
|
| Bottom of the 7th over - 0 runs, 1 hit, 0 errors, 1 left on base; Birmingham 4 - Jackson 1 |
| TOP OF THE 8TH |
|
Birmingham Barons batting - Pitching for Jackson Generals : LHP Ben Burton
|
|
Batting: RHB Vic Lucatero
|
0-0: SINGLE (Flyball, 4MD, EV 87.5 MPH)
|
|
Batting: LHB Carlos Ramirez
|
0-0: Swinging Strike 0-1: Called Strike 0-2: Ball 1-2: Strikes out swinging
|
|
Pitching: RHP Chris Julien
|
|
|
Batting: RHB Trevor Conklin
|
0-0: Foul Ball, location: 2F 0-1: Swinging Strike 0-2: Strikes out swinging
|
|
Batting: LHB Matt Hyde
|
0-0: Ball 1-0: Ball Vic Lucatero steals 2nd base 2-0: Swinging Strike 2-1: Ground out 6-3 (Groundball, 6M, EV 83.1 MPH)
|
| Top of the 8th over - 0 runs, 1 hit, 0 errors, 1 left on base; Birmingham 4 - Jackson 1 |
| BOTTOM OF THE 8TH |
|
Jackson Generals batting - Pitching for Birmingham Barons : LHP Matt Schwartz
|
|
Batting: RHB Jose Zuniga
|
0-0: Ball 1-0: Fly out, F2 (Popup, 23F, EV 81.9 MPH)
|
|
Batting: RHB Ryan Criollo
|
0-0: Called Strike 0-1: Ball 1-1: Ball 2-1: Ball 3-1: Base on Balls
|
|
Batting: RHB Jeff Cox
|
Pickoff Throw to First - Error! E1 Ryan Criollo to second 0-0: Ball 1-0: Foul Ball, location: 2F 1-1: Ball 2-1: Swinging Strike 2-2: Ground out U3 (Groundball, 34S, EV 86.9 MPH) Ryan Criollo to third
|
|
Batting: RHB Chris Van Niel
|
0-0: Fly out, F8 (Flyball, 78M, EV 73.8 MPH)
|
| Bottom of the 8th over - 0 runs, 0 hits, 1 error, 1 left on base; Birmingham 4 - Jackson 1 |
| TOP OF THE 9TH |
|
Birmingham Barons batting - Pitching for Jackson Generals : RHP Chris Julien
|
|
Pinch Hitting: LHB Jason Bell
|
0-0: Ball 1-0: Called Strike 1-1: Ball 2-1: Called Strike 2-2: Ground out 6-3 (Groundball, 6M, EV 86.9 MPH)
|
|
Batting: SHB Matt Childers
|
0-0: Called Strike 0-1: Hit by Pitch
|
|
Batting: RHB Ron Johansen
|
0-0: Ball 1-0: Called Strike 1-1: Ball 2-1: SINGLE (Groundball, 6MD, EV 105.0 MPH) Matt Childers to second Runner from 2nd tries for 3rd, SAFE, throw by CF made to third
|
|
Batting: SHB Veit Geisler
|
0-0: Ball 1-0: Ball Ron Johansen steals 2nd base (no throw) 2-0: Called Strike 2-1: Ball 3-1: Called Strike 3-2: Strikes out swinging
|
|
Batting: SHB Ruben Velasco Jr.
|
0-0: Called Strike 0-1: Called Strike 0-2: Ball 1-2: Ball 2-2: Ground out 3-1 (Groundball, 3L, EV 101.9 MPH)
|
| Top of the 9th over - 0 runs, 1 hit, 0 errors, 2 left on base; Birmingham 4 - Jackson 1 |
| BOTTOM OF THE 9TH |
|
Jackson Generals batting - Pitching for Birmingham Barons : LHP Matt Schwartz
|
|
Pitching: LHP Amari Miller
|
|
|
Now at 1B: Dalton Silveira
|
|
|
Now at 2B: Jason Bresnahan
|
|
|
Batting: RHB Jesus Santiago
|
0-0: Ball 1-0: Swinging Strike 1-1: Ball 2-1: SINGLE (Groundball, 6MD, EV 97.5 MPH)
|
|
Batting: RHB Paul Shell
|
0-0: Called Strike 0-1: Ball 1-1: Swinging Strike 1-2: Ball 2-2: Ball 3-2: Fielders Choice at 2nd, 3-6 (Groundball, 3, EV 86.2 MPH)
|
|
Batting: RHB Enrique Valdez
|
0-0: SINGLE (Groundball, 56D, EV 98.8 MPH) Paul Shell to second
|
|
Batting: LHB Chris Jackson
|
0-0: Called Strike 0-1: Called Strike 0-2: Strikes out swinging
|
|
Batting: RHB Kinzo Yokoyama
|
0-0: Ball 1-0: Swinging Strike 1-1: Ball 2-1: Ball 3-1: Base on Balls Paul Shell to third Enrique Valdez to second
|
|
Batting: RHB Jose Zuniga
|
0-0: Ball 1-0: Ball 2-0: Called Strike 2-1: Called Strike 2-2: Ball 3-2: Base on Balls Paul Shell scores Enrique Valdez to third Kinzo Yokoyama to second
|
|
Batting: RHB Ryan Criollo
|
0-0: Ball 1-0: Swinging Strike 1-1: DOUBLE (Flyball, 78XD, EV 114.4 MPH) Enrique Valdez scores Kinzo Yokoyama scores Jose Zuniga to third
|
|
Batting: RHB Jeff Cox
|
0-0: Intentional Walk
|
|
Pitching: RHP Nate Myers
|
|
|
Batting: RHB Chris Van Niel
|
0-0: Called Strike 0-1: Swinging Strike 0-2: Ball 1-2: Ball 2-2: Ball 3-2: Foul Ball, location: 2F 3-2: Strikes out looking
|
| Bottom of the 9th over - 3 runs, 3 hits, 0 errors, 3 left on base; Birmingham 4 - Jackson 4 |
| TOP OF THE 10TH |
|
Birmingham Barons batting - Pitching for Jackson Generals : RHP Chris Julien
|
|
Pitching: RHP Kyle Wood
|
|
|
Batting: RHB Vic Lucatero
|
0-0: Ball 1-0: Called Strike 1-1: Ball 2-1: Ball 3-1: Ground out U3 (Groundball, 34, EV 93.8 MPH)
|
|
Batting: LHB Carlos Ramirez
|
0-0: SINGLE (Line Drive, 5D, EV 101.9 MPH)
|
|
Pinch Hitting: LHB Joe Kirkland
|
0-0: Called Strike 0-1: Ball 1-1: Swinging Strike 1-2: Strikes out swinging
|
|
Batting: LHB Matt Hyde
|
0-0: Ball 1-0: Called Strike 1-1: Swinging Strike 1-2: Foul Ball, location: 2F 1-2: Ball 2-2: Strikes out swinging
|
| Top of the 10th over - 0 runs, 1 hit, 0 errors, 1 left on base; Birmingham 4 - Jackson 4 |
| BOTTOM OF THE 10TH |
|
Jackson Generals batting - Pitching for Birmingham Barons : RHP Nate Myers
|
|
Now at C: Jerry Edmiston
|
|
|
Batting: RHB Jesus Santiago
|
0-0: Swinging Strike 0-1: Ball 1-1: Ball 2-1: Foul Ball, location: 2F 2-2: Ball 3-2: Foul Ball, location: 2F 3-2: Strikes out swinging
|
|
Batting: RHB Paul Shell
|
0-0: Called Strike 0-1: Ball 1-1: Called Strike 1-2: Foul Ball, location: 2F 1-2: Ball 2-2: Strikes out swinging
|
|
Batting: RHB Enrique Valdez
|
0-0: Ball 1-0: Fly out, F8 (Flyball, 8LM, EV 91.2 MPH)
|
| Bottom of the 10th over - 0 runs, 0 hits, 0 errors, 0 left on base; Birmingham 4 - Jackson 4 |
| TOP OF THE 11TH |
|
Birmingham Barons batting - Pitching for Jackson Generals : RHP Kyle Wood
|
|
Batting: LHB Dalton Silveira
|
0-0: Ground out U3 (Groundball, 34, EV 99.4 MPH)
|
|
Batting: SHB Matt Childers
|
0-0: Swinging Strike 0-1: Ball 1-1: Swinging Strike 1-2: Ball 2-2: Ball 3-2: Fly out, F9 (Flyball, 9S, EV 88.8 MPH)
|
|
Pinch Hitting: LHB Herkko Haavikko
|
0-0: Ball 1-0: Ground out U3 (Groundball, 34, EV 104.4 MPH)
|
| Top of the 11th over - 0 runs, 0 hits, 0 errors, 0 left on base; Birmingham 4 - Jackson 4 |
| BOTTOM OF THE 11TH |
|
Jackson Generals batting - Pitching for Birmingham Barons : RHP Nate Myers
|
|
Now at 2B: Ruben Velasco Jr.
|
|
|
Now in LF: Herkko Haavikko
|
|
|
Batting: LHB Chris Jackson
|
0-0: Called Strike 0-1: Ball 1-1: Ball 2-1: Foul Ball, location: 2F 2-2: Foul Ball, location: 2F 2-2: Ground out 4-3 (Groundball, 4, EV 85.6 MPH)
|
|
Batting: RHB Kinzo Yokoyama
|
0-0: Ball 1-0: Called Strike 1-1: Ground out 6-3 (Groundball, 56, EV 80.6 MPH)
|
|
Batting: RHB Jose Zuniga
|
0-0: Ball 1-0: Ball 2-0: Ball 3-0: Called Strike 3-1: Base on Balls
|
|
Pitching: RHP Jose Vigil
|
|
|
Batting: RHB Ryan Criollo
|
0-0: Called Strike 0-1: Called Strike 0-2: Strikes out looking
|
| Bottom of the 11th over - 0 runs, 0 hits, 0 errors, 1 left on base; Birmingham 4 - Jackson 4 |
| TOP OF THE 12TH |
|
Birmingham Barons batting - Pitching for Jackson Generals : RHP Kyle Wood
|
|
Pitching: RHP Marvin Velasco
|
|
|
Batting: SHB Veit Geisler
|
0-0: Fly out, F9 (Flyball, 89M, EV 92.5 MPH)
|
|
Batting: SHB Ruben Velasco Jr.
|
0-0: Called Strike 0-1: Ball 1-1: Swinging Strike 1-2: Ball 2-2: Ball 3-2: SOLO HOME RUN (Flyball, 9D, EV 97.5 MPH), Distance : 386 ft
|
|
Batting: RHB Vic Lucatero
|
0-0: Foul Ball, location: 2F 0-1: Ball 1-1: Swinging Strike 1-2: Ball 2-2: Ball 3-2: Foul Ball, location: 2F 3-2: Fly out, F9 (Flyball, 9D, EV 90.6 MPH)
|
|
Batting: LHB Carlos Ramirez
|
0-0: Ball 1-0: Fly out, F9 (Line Drive, 89M, EV 90.0 MPH)
|
| Top of the 12th over - 1 run, 1 hit, 0 errors, 0 left on base; Birmingham 5 - Jackson 4 |
| BOTTOM OF THE 12TH |
|
Jackson Generals batting - Pitching for Birmingham Barons : RHP Jose Vigil
|
|
Batting: RHB Jeff Cox
|
0-0: Swinging Strike 0-1: Foul Ball, location: 2F 0-2: Ground out 6-3 (Groundball, 6, EV 90.6 MPH)
|
|
Batting: RHB Chris Van Niel
|
0-0: Foul Ball, location: 2F 0-1: Fly out, F6 (Line Drive, 6, EV 63.8 MPH)
|
|
Pinch Hitting: LHB Brent Dutcher
|
0-0: Ball 1-0: Ball 2-0: Ground out U3 (Groundball, 34, EV 102.5 MPH)
|
| Bottom of the 12th over - 0 runs, 0 hits, 0 errors, 0 left on base; Birmingham 5 - Jackson 4 |
|